 Dungeon Crawl Stone Soup version 0.28.0-53-g5a82cb258f (webtiles) character file.

Game seed: 17746520987087967151

12 ILmort the Digger (level 2, 0/15 HPs)
             Began as a Gargoyle Earth Elementalist on Aug 2, 2022.
             Slain by a quokka (1 damage)
             ... on level 2 of the Dungeon.
             The game lasted 00:10:22 (1113 turns).

ILmort the Digger (Gargoyle Earth Elementalist)     Turns: 1113, Time: 00:10:23

Health: 0/15       AC:  2    Str: 11    XL:     2   Next: 33%
Magic:  9/14       EV: 11    Int: 15    God:
Gold:   35         SH:  0    Dex: 10    Spells: 4/5 levels left

rFire   . . .      SeeInvis .   a - +0 falchion
rCold   . . .      Faith    .   (no shield)
rNeg    + . .      Spirit   .   (no armour)
rPois   ∞          Reflect  .   (no helmet)
rElec   +          Harm     .   (no cloak)
rCorr   .          Rampage  .   (no gloves)
Will    .....                   (no boots)
Stlth   ++........              (no amulet)
HPRegen 0.05/turn               e - ring of magical power
MPRegen 0.14/turn               f - ring of flight

@: flying, very slightly contaminated
A: sickness immunity, AC +2, negative energy resistance 1, electricity
resistance, torment resistance 1, petrification resistance
a: no special abilities


You were on level 2 of the Dungeon.
You visited 1 branch of the dungeon, and saw 2 of its levels.

You collected 35 gold pieces.

Inventory:

Hand Weapons
 a - a +0 falchion (weapon)
 h - a +0 spear
 j - a +0 dagger
Missiles
 c - 75 stones
 i - 3 boomerangs
Armour
 b - a +0 robe
 g - the +7 chain mail of Cyomny {rPois rC+}
   (You found it on level 2 of the Dungeon)

   rC:        It protects you from cold.
   rPois:     It protects you from poison.
Jewellery
 e - a ring of magical power (left hand)
 f - a ring of flight (right hand)


   Skills:
 * Level 0.0 Fighting
 - Level 1.5 Dodging
 - Level 2.1 Stealth
 - Level 2.0 Spellcasting
 - Level 0.7 Transmutations
 + Level 4.5 Earth Magic


You had 4 spell levels left.
You knew the following spells:

 Your Spells              Type           Power      Damage    Failure   Level
a - Sandblast             Erth           30%        2d9       3%          1

Your spell library contained the following spells:

 Spells                   Type           Power      Damage    Failure   Level
 Passwall                 Tmut/Erth      7%         N/A       12%         2
 Stone Arrow              Conj/Erth      16%        3d8       26%         3
 Petrify                  Tmut/Erth      9%         N/A       58%         4


Dungeon Overview and Level Annotations

Branches:
Dungeon (2/15)

Altars:
Wu Jian


Innate Abilities, Weirdness & Mutations

You are immune to sickness and miasma.
Your stone body is resilient. (AC +2)
You are immune to poison.
You resist negative energy. (rN+)
You are resistant to electric shocks. (rElec)
You are resistant to unholy torment.
You are immune to petrification.


Message History

Casting: Sandblast (safe; 3% risk of failure)
Confirm with . or Enter, or press ? or * to list all spells.
Aiming: Sandblast (safe; 3% risk of failure)
Press: ? - help, Shift-Dir - straight line, f - quokka
Aim: a quokka (71% to hit)
The blast of sand hits the quokka.
The quokka is severely wounded.
The quokka bites you.
* * * LOW HITPOINT WARNING * * *
Casting: Sandblast (safe; 3% risk of failure)
Confirm with . or Enter, or press ? or * to list all spells.
Aiming: Sandblast (safe; 3% risk of failure)
Press: ? - help, Shift-Dir - straight line, f/p - quokka
Aim: a quokka (severely wounded, 71% to hit)
The blast of sand misses the quokka.
The quokka bites you.
* * * LOW HITPOINT WARNING * * *
The quokka bites you but does no damage.
Casting: Sandblast (safe; 3% risk of failure)
Confirm with . or Enter, or press ? or * to list all spells.
Aiming: Sandblast (safe; 3% risk of failure)
Press: ? - help, Shift-Dir - straight line, f/p - quokka
Aim: a quokka (severely wounded, 71% to hit)
The blast of sand misses the quokka.
The quokka closely misses you.
Casting: Sandblast (safe; 3% risk of failure)
Confirm with . or Enter, or press ? or * to list all spells.
Aiming: Sandblast (safe; 3% risk of failure)
Press: ? - help, Shift-Dir - straight line, f/p - quokka
Aim: a quokka (severely wounded, 71% to hit)
You miscast Sandblast.
You are very lightly contaminated with residual magic.
Nothing appears to happen.
The quokka closely misses you.
Casting: Sandblast (safe; 3% risk of failure)
Confirm with . or Enter, or press ? or * to list all spells.
Aiming: Sandblast (safe; 3% risk of failure)
Press: ? - help, Shift-Dir - straight line, f/p - quokka
Aim: a quokka (severely wounded, 71% to hit)
The blast of sand hits the quokka.
The quokka is almost dead.
The quokka bites you.
You die...

# # #. .#. #.
#.# ##.##.##
..#... ##...#
####....###.#..
+.....r........
####..@#.##.###
##..#.# ##....
#...## #.###
#.# #.# #.#


You could see a quokka.

Vanquished Creatures
  A giant cockroach (D:1)
  2 hobgoblins (D:2)
  A quokka (D:1)
  2 ball pythons
  2 bats (D:1)
  5 rats (D:1)
13 creatures vanquished.

Notes
Turn   | Place    | Note
-------+----------+-------------------------------------------
     0 | D:1      | ILmort the Gargoyle Earth Elementalist began the quest for
                  | the Orb.
     0 | D:1      | Reached XP level 1. HP: 10/10 MP: 3/3
   379 | D:1      | Reached skill level 4 in Earth Magic
   513 | D:1      | Reached XP level 2. HP: 14/15 MP: 5/5
   825 | D:2      | Found an ornate altar of the Wu Jian Council.
   890 | D:2      | Identified the +7 chain mail of Cyomny {rPois rC+}
  1113 | D:2      | Slain by a quokka

Illustrated notes

Levels and vault maps discovered:
D:1:      eino_arrival_water_star, layout_loops_ring,
          nicolae_concentric_dashed_squares_mild
D:2:      layout_loops_corners, basic_altar, serial_shops,
          nicolae_shop_waterfront, minmay_misc_feat_rugged, uniq_jessica

Skill      XL: |  1 |
---------------+----+-----
Earth Magic    | 4 |  4.5
Dodging        | |  1.5
Stealth        | |  2.1
Spellcasting   | |  2.0
Transmutations | |  0.7

Action                   || total
-------------------------++-------
Melee: Falchion          ||    18
 Cast: Sandblast         ||    14
  Use: Scroll            ||     3
 Stab: Sleeping          ||     2
Armor: Robe              ||    11
       Chain mail        ||    10
       Skin              ||     1
Dodge: Dodged            ||    18
